 Dungeon Crawl Stone Soup version 0.26-a0-651-gb41185065b (webtiles) character file.

Game seed: 1234758930404929456

73 quinnr the Cudgeler (level 4, 0/33 HPs)
             Began as a Demonspawn Gladiator on Sept 29, 2020.
             Splashed by Ijyb's acid (16 damage)
             ... on level 3 of the Dungeon.
             The game lasted 00:04:14 (2082 turns).

quinnr the Cudgeler (Demonspawn Gladiator)          Turns: 2082, Time: 00:04:15

Health: 0/33       AC:  6    Str: 15    XL:     4   Next: 8%
Magic:  4/4        EV: 12    Int:  9    God:
Gold:   109        SH:  0    Dex: 15    Spells: 3/3 levels left

rFire    . . .     SeeInvis .   a - +0 flail
rCold    . . .     Faith    .   (no shield)
rNeg     . . .     Spirit   .   b - +0 leather armour
rPois    .         Reflect  .   c - +0 helmet
rElec    .         Harm     .   m - +0 cloak
rCorr    .         Rampage  .   (no gloves)
MR       .....                  s - +0 pair of boots
Stlth    ++........             (no amulet)
HPRegen  0.11/turn              q - ring of stealth
MPRegen  0.09/turn              (no ring)

@: no status effects
A: spiny 2
a: no special abilities


You were on level 3 of the Dungeon.
You visited 1 branch of the dungeon, and saw 3 of its levels.

You collected 109 gold pieces.

Inventory:

Hand Weapons
 a - a +0 flail (weapon)
Missiles
 d - 3 throwing nets (quivered)
Armour
 b - a +0 leather armour (worn)
 c - a +0 helmet (worn)
 m - a +0 cloak (worn)
 s - a +0 pair of boots (worn)
Jewellery
 q - a ring of stealth (left hand)
Scrolls
 e - a scroll of remove curse {unknown}
 f - 2 scrolls of teleportation {unknown}
 j - 2 scrolls of immolation {unknown}
 p - a scroll of blinking {unknown}
 t - a scroll of amnesia {unknown}
Potions
 g - 3 potions of curing {unknown}
 h - a potion of resistance {unknown}
 i - a potion of flight {unknown}
 k - a potion of lignification {unknown}
 l - 2 potions of haste {unknown}
 n - a potion of brilliance {unknown}
 o - 2 potions of heal wounds {unknown}
 r - a potion of mutation {unknown}


   Skills:
 - Level 2.0 Fighting
 + Level 4.5 Maces & Flails
 - Level 1.7 Throwing
 - Level 2.6 Dodging


You had 3 spell levels left.
You didn't know any spells.
Your spell library was empty.

Dungeon Overview and Level Annotations

Branches:
Dungeon (3/15)

Altars:

Annotations:
D:3 Ijyb


Innate Abilities, Weirdness & Mutations

You are mostly covered in sharp spines.


Message History

You sock the giant cockroach!
You kill the giant cockroach!
There is an open door here.
You thump the bat!
You kill the bat!
You see here a bat corpse.
You open the door.
A hobgoblin and Ijyb come into view.
Ijyb is wielding a +0 dagger and carrying a wand of acid (8).
Found a stone staircase leading up.
There are monsters nearby!
There is an open door here.
The hobgoblin shouts!
Ijyb zaps a wand.
The bolt of acid hits the hobgoblin!
The hobgoblin is splashed with acid.
The hobgoblin dies!
The bolt of acid hits you!
Ouch! That really hurt!
You are splashed with acid!
You die...

######### #.......
#.....g## #......<#
#....)..# #.......#
############ #..@...##
...........# #.......#
...........###'#####.#
...........'.†........>
...........##......#.#
# ##.........##......#
#.........###+#####
#...####### ##....#


You could see Ijyb.

Vanquished Creatures
  2 adders
  An ooze (D:2)
  A dart slug (D:1)
  2 leopard geckos
  6 giant cockroaches
  5 goblins
  2 hobgoblins
  5 jackals
  4 kobolds
  A quokka (D:2)
  A ball python (D:3)
  6 bats
  6 frilled lizards
  4 rats
46 creatures vanquished.

Vanquished Creatures (others)
  A hobgoblin (D:3)
1 creature vanquished.

Grand Total: 47 creatures vanquished

Notes
Turn   | Place    | Note
-------+----------+-------------------------------------------
     0 | D:1      | quinnr the Demonspawn Gladiator began the quest for the
                  | Orb.
     0 | D:1      | Reached XP level 1. HP: 16/16 MP: 1/1
    69 | D:1      | Reached skill level 3 in Maces & Flails
   164 | D:1      | Gained mutation: You are partially covered in sharp spines.
                  | [demonic ancestry]
   164 | D:1      | Reached XP level 2. HP: 17/22 MP: 2/2
   799 | D:1      | Reached XP level 3. HP: 24/27 MP: 3/3
  1243 | D:2      | Reached skill level 4 in Maces & Flails
  1876 | D:3      | Gained mutation: You are mostly covered in sharp spines.
                  | [demonic ancestry]
  1876 | D:3      | Reached XP level 4. HP: 31/33 MP: 4/4
  2079 | D:3      | Noticed Ijyb
  2082 | D:3      | Splashed by Ijyb's acid

Illustrated notes

Levels and vault maps discovered:
D:1:      lightli_arrival_boilingwater, layout_basic
D:2:      layout_basic, minmay_misc_feat_hallway
D:3:      layout_basic, uniq_ijyb

Skill      XL: |  1  2  3 |
---------------+----------+-----
Maces & Flails | 3 4 |  4.5
Fighting       | |  2.0
Throwing       | |  1.7
Dodging        | |  2.6

Action                   |  1- 3 |  4- 6 || total
-------------------------+-------+-------++-------
Melee: Flail             |    88 |     4 ||    92
 Stab: Sleeping          |     3 |       ||     3
Armor: Leather armour    |    39 |     1 ||    40
Dodge: Dodged            |    69 |     2 ||    71

Table legend: (Time is in decaauts)
 A = Elapsed time spent in this place.
 B = Non-inter-level travel time spent in this place.
 C = Inter-level travel time spent in this place.
 D = Time resting spent in this place.
 E = Time spent auto-exploring this place.
 F = Levels seen in this place.
 G = Mean time per level.
                   A        B        C        D        E       F      G
               +--------+--------+--------+--------+--------+-----+--------+
         Total |   2106 |   2072 |     34 |      0 |   1707 |   3 |  702.0 |
       Dungeon |   2106 |   2072 |     34 |      0 |   1707 |   3 |  702.0 |
               +--------+--------+--------+--------+--------+-----+--------+

Top non-repeatable levels by time:
     D:1: 966 daAuts
     D:2: 769 daAuts
     D:3: 370 daAuts
